cohdb
Replays
Latest Replays
All Replays
Popular Replays
Top Player Replays
Match Explorer
How It Works
Community
CoH3 Stats
Reddit
Sign in to upload your games and track your stats! →
Sign in with Steam
Match 44422230
Unlisted
Match 44422230
Overview
Messages
Build Orders
End
Selects Italian Combined Arms Battlegroup
Selects Bersaglieri Squad
Bersaglieri Squad
Kradschützen Motorcycle Team
Bersaglieri Squad
Bersaglieri Squad
Construct Light Support Kompanie
Fire Support Elements
Selects Bersaglieri Bolster
Flakvierling Half-track
Vehicle Survival Package
Veteran Squad Leaders
Selects Breda Model 30 Light Machine Guns
Construct Panzerarmee Kommand
Emergency Repair Kits
Rapid Advance
Walking Stuka Rocket Launcher
Selects Semovente da 75/18 Assault Gun
Selects Strafing Run
Panzer III L Medium Tank
MG34 Team
Tungsten Core Ammunition
Selects Artillery Cover
Panzerjäger Mechanized Group
Panzer III L Medium Tank
Panzer III L Medium Tank
Artillery Cover
Panzer III L Medium Tank
Symbiosis
Skeng.Tecnica.International
FooKilla
Bego
0
0
Comments
sign in to comment!
No comments posted yet!